 Dungeon Crawl Stone Soup version 0.27-a0-652-g2d5cf1dcd3 (webtiles) character file.

Game seed: 13915205738162141614

13 Ijustatesigmund the Skirmisher (level 2, -9/24 HPs)
             Began as a Demonspawn Fighter on Mar 16, 2021.
             Mangled by a gnoll
             ... wielding a +0 halberd
              (11 damage)
             ... on level 4 of the Dungeon.
             The game lasted 00:00:59 (965 turns).

Ijustatesigmund the Skirmisher (Demonspawn Fighter)  Turns: 965, Time: 00:00:59

Health: -9/24      AC:  6    Str: 16    XL:     2   Next: 24%
Magic:  2/2        EV: 12    Int:  9    God:
Gold:   47         SH:  8    Dex: 12    Spells: 1/1 levels left

rFire    . . .     SeeInvis .   a - +0 war axe
rCold    . . .     Faith    .   c - +0 kite shield
rNeg     . . .     Spirit   .   b - +0 scale mail
rPois    .         Reflect  .   (no helmet)
rElec    .         Harm     .   (no cloak)
rCorr    .         Rampage  .   (no gloves)
Will     .....                  (no boots)
Stlth    ..........             (no amulet)
HPRegen  0.08/turn              (no ring)
MPRegen  0.08/turn              (no ring)

@: agile
A: powered by pain 1
a: no special abilities


You were on level 4 of the Dungeon.
You visited 1 branch of the dungeon, and saw 3 of its levels.

You collected 47 gold pieces.

Inventory:

Hand Weapons
 a - a +0 war axe (weapon)
Armour
 b - a +0 scale mail (worn)
 c - a +0 kite shield (worn)
Scrolls
 g - a scroll of identify
Potions
 d - 3 potions of might
 e - a potion of curing
 f - a potion of flight {unknown}


   Skills:
 + Level 3.1 Fighting
 * Level 2.2 Axes
 - Level 2.6 Armour
 + Level 0.6 Dodging
 - Level 2.6 Shields


You had one spell level left.
You didn't know any spells.
Your spell library was empty.

Dungeon Overview and Level Annotations

Branches:
Dungeon (2/15)

Altars:


Innate Abilities, Weirdness & Mutations

You sometimes gain a little power by taking damage.


Message History

You open the door.
There is a shaft here.
Done exploring.
Done exploring.
Done exploring.
(D) Dungeon
Where to? (? - help)
There is a stone staircase leading down here.
You climb downwards.
There is a stone staircase leading up here.
Found an escape hatch in the floor.
There is an escape hatch in the floor here.
You open the door.
Found a leather armour.
There is an open door here.
You open the door.
There is an open door here.
You now have 47 gold pieces (gained 13).
You fall into a shaft and drop 2 floors!
The shaft crumbles and collapses.
Found a stone staircase leading down.
A gnoll comes into view. It is wielding a +0 halberd.
The gnoll shouts!
You hear a shout! x2
A gnoll comes into view. It is wielding a +0 spear.
You hit the gnoll.
The gnoll is moderately wounded.
The gnoll hits you with a +0 halberd!
You focus on the pain.
You feel agile all of a sudden. The gnoll closely misses you.
You hit the gnoll.
The gnoll is severely wounded.
The gnoll hits you from afar with a +0 spear.
The gnoll barely misses you.
The gnoll hits you from afar with a +0 spear!
* * * LOW HITPOINT WARNING * * *
You focus on the pain.
You feel more agile all of a sudden.
A gnoll comes into view. It is wielding a +0 spear.
The gnoll hits you with a +0 halberd!
You die...

.. .. #.# #>......
#..######+###.......
###...#..............#
........#.#...........
.....##.#...........
#..##.#..........
#..............##
#@#.#...##......##
#g####.#.##.......
#g##...#....##....
g..#..#...####....
##....#...# ##...
##...##..# ###. ##..
#.## ## .. ###


You could see 3 gnolls.

Vanquished Creatures
  2 leopard geckos (D:1)
  2 giant cockroaches (D:1)
  A ball python (D:1)
  3 frilled lizards (D:1)
  3 kobolds (D:1)
  A rat (D:1)
12 creatures vanquished.

Notes
Turn   | Place    | Note
-------+----------+-------------------------------------------
     0 | D:1      | Ijustatesigmund the Demonspawn Fighter began the quest for
                  | the Orb.
     0 | D:1      | Reached XP level 1. HP: 18/18 MP: 1/1
   435 | D:1      | Gained mutation: You sometimes gain a little power by
                  | taking damage. [demonic ancestry]
   435 | D:1      | Reached XP level 2. HP: 24/24 MP: 2/2
   938 | D:2      | You fall into a shaft and drop 2 floors!
   965 | D:4      | Mangled by a gnoll

Illustrated notes

Levels and vault maps discovered:
D:1:      dpeg_arrival_radiant, layout_basic
D:2:      layout_loops_corners
D:4:      layout_cave_pools, minmay_temple_entry_hall, elyvilon_altar_4

Skill      XL: |  1 |
---------------+----+-----
Axes           | 2 |  2.2
Fighting       | |  3.1
Armour         | |  2.6
Dodging        | |  0.6
Shields        | |  2.6

Action                   || total
-------------------------++-------
Melee: War axe           ||    45
  Use: Scroll            ||     2
Armor: Scale mail        ||    25
Dodge: Dodged            ||    11
Block: Kite shield       ||    20

Table legend: (Time is in decaauts)
 A = Elapsed time spent in this place.
 B = Non-inter-level travel time spent in this place.
 C = Inter-level travel time spent in this place.
 D = Time resting spent in this place.
 E = Time spent auto-exploring this place.
 F = Levels seen in this place.
 G = Mean time per level.
                   A        B        C        D        E       F      G
               +--------+--------+--------+--------+--------+-----+--------+
         Total |    993 |    976 |     17 |     96 |    768 |   3 |  331.0 |
       Dungeon |    993 |    976 |     17 |     96 |    768 |   3 |  331.0 |
               +--------+--------+--------+--------+--------+-----+--------+

Top non-repeatable levels by time:
     D:1: 914 daAuts
     D:2: 51 daAuts
     D:4: 27 daAuts
